cohdb
Replays
Latest Replays
All Replays
Popular Replays
Top Player Replays
Match Explorer
How It Works
Community
CoH3 Stats
Reddit
Sign in to upload your games and track your stats! →
Sign in with Steam
I really wonder where it all went wrong
Match 29406734
Overview
Messages
Build Orders
End
Construct Infanterie Kompanie
Pioneer Squad
Selects Mechanized Battlegroup
Grenadier Squad
Grenadier Squad
Grenadier Squad
Infanterie Officer Quarters
Construct Panzergrenadier Kompanie
Pak 40 Anti-tank Gun Team
Selects Raid Package
Selects 8 Rad Armored Car
8 Rad Armored Car
Construct Panzer Kompanie
Sturmpanzer IV Brummbär
Selects UNKNOWN (2160084)
Selects Spotting Scopes
Selects Wespe Self-propelled Artillery
Panther Heavy Tank
Side Skirts
Panzer Officer Quarters
Stoßtruppen Squad
Invisible Hand of Clapitalism
The101stAirBorne
money1996
TheCreepy
0
0
Comments
sign in to comment!
No comments posted yet!